 Dungeon Crawl Stone Soup version 0.31-a0-750-gfe7b580527 (webtiles) character file.

Game seed: 14256694134599035663

149 freelancePsychic the Changeling (level 5, 0/58 HPs)
             Began as a Djinni Shapeshifter on Sept 14, 2023.
             Slain by an orc priest
             ... wielding a +0 dagger
              (1 damage)
             ... on level 3 of the Dungeon.
             The game lasted 00:03:08 (2084 turns).

freelancePsychic the Changeling (DjSh)              Turns: 2084, Time: 00:03:09

Health: 0/58       AC: 22    Str: 15    XL:     5   Next: 57%
Gold:   118        EV:  2    Int: 12    God:
                   SH:  0    Dex: 12

rFire   . .          .
                       - Unarmed
rCold   . . .        (no shield)
rNeg    . . .        g - melded +0 leather armour
rPois   ∞            (helmet currently unavailable)
rElec   .            (cloak currently unavailable)
rCorr   .            (gloves currently unavailable)
SInv    .            (boots unavailable)
Will    .....        (no amulet)
Stlth   +            (no ring)
HPRegen 0.29/turn    (no ring)
MPRegen 0.00/turn

%: infuse magic (-1 HP)
@: tree-form
A: stationary, stasis, torment immunity, boosted hp, sickness immunity, (fire
resistance 2), (cold vulnerability 1), float, innate caster, HP casting, extra
vitality 1
a: no special abilities


You were on level 3 of the Dungeon.
You were a tree.
You visited 1 branch of the dungeon, and saw 3 of its levels.

You collected 193 gold pieces.
You spent 75 gold pieces at shops.

Inventory:

Armour
 a - a +0 animal skin
 g - a +0 leather armour (melded)
Talismans
 c - a beast talisman
 d - a flux talisman
Scrolls
 k - a scroll of amnesia {unknown}
 l - a scroll of noise {unknown}
Potions
 b - a potion of lignification
 e - a potion of attraction {unknown}
 f - a potion of curing {unknown}
 h - a potion of ambrosia {unknown}
 i - a potion of brilliance {unknown}
 j - 2 potions of enlightenment {unknown}


   Skills:
 + Level 2.5 Fighting
 - Level 2.1 Dodging
 + Level 3.8 Unarmed Combat
 * Level 4.0 Shapeshifting


You knew the following spells:

 Your Spells              Type           Power      Damage    Failure   Level
a - Apportation           Tloc           0%         N/A       32%         1
b - Ensorcelled Hibernat  Hex/Ice        0%         N/A       45%         2
Your spell library was empty.

Dungeon Overview and Level Annotations

Branches:
Dungeon (3/15)

Altars:
Ashenzari

Shops:
D:2 *


Innate Abilities, Weirdness & Mutations

You are a tree.
Your roots penetrate the ground, keeping you stationary.
You cannot be teleported.
You are immune to unholy pain and torment.
Your maximum health is greatly increased.
Your equipment is partially melded.
You are immune to sickness and miasma.
You are immune to poison.
((Your flesh is very heat resistant. (rF++)))
((You are vulnerable to cold. (rC-)))
You float through the air rather than walking.
You learn spells naturally, not from books.
Your magical power is your life essence.
You have superior vitality. (+4 MHP)


Message History

The adder zombie is moderately damaged.
The scorpion zombie closely misses you.
You hit the adder zombie.
The adder zombie shudders as magic cascades through it!!
You destroy the adder zombie!
The scorpion zombie closely misses you. The orc priest misses you.
You completely miss the orc priest. The scorpion zombie hits you.
The orc priest hits you with a +0 dagger.
You closely miss the orc priest. The scorpion zombie hits you.
The orc priest mumbles some strange prayers to Beogh against you.
Beogh smites you!
Ouch! That really hurt!
* * * LOW HITPOINT WARNING * * *
You are too injured to fight recklessly!
You are too injured to fight recklessly!
You are too injured to fight recklessly!
You are too injured to fight recklessly!
You are too injured to fight recklessly!
You are too injured to fight recklessly!
You are too injured to fight recklessly!
You are too injured to fight recklessly!
You are too injured to fight recklessly!
You are too injured to fight recklessly!
You are too injured to fight recklessly!
You are too injured to fight recklessly!
You are too injured to fight recklessly!
You are too injured to fight recklessly!
Your transformation has ended.
You turn into a tree.
Your +0 leather armour melds into your body.
Your roots penetrate the ground.
The scorpion zombie hits you.
* * * LOW HITPOINT WARNING * * *
The orc priest hits you but does no damage.
You closely miss the orc priest.
The scorpion zombie hits you but does no damage.
A scorpion zombie comes into view.
The orc priest hits you but does no damage.
You barely miss the orc priest. The scorpion zombie barely misses you.
The orc priest hits you with a +0 dagger.
You die...

........####..#
#..#...##
##.### #...####
#...# #.#.#
###.### ..#.#
#...# .##.#
######.# ..#.#
#...<#.# #.#..
♣..o..# ...o
♣♣..♣## #.>.#
♣....♣Z†# ♣♣.♣
♣♣.# . ♣.# ♣.#
..# ..# Z.#


You could see an orc priest and 2 scorpion zombies.

Vanquished Creatures
  A hound (D:3)
  An iguana (D:3)
  2 adders (D:2)
  An adder zombie (D:3)
  4 worms
  2 dart slugs
  5 orcs (D:3)
  A giant cockroach (D:3)
  3 goblins
  6 hobgoblins
  3 quokkas
  7 ball pythons
  9 bats
  4 frilled lizards
  5 kobolds
  3 rats
57 creatures vanquished.

Notes
Turn   | Place    | Note
-------+----------+-------------------------------------------
     0 | D:1      | freelancePsychic the Djinni Shapeshifter began the quest
                  | for the Orb.
     0 | D:1      | Reached XP level 1. HP: 17/17 MP: 0/0
   140 | D:1      | Reached XP level 2. HP: 18/22 MP: 0/0
   250 | D:1      | Reached skill level 3 in Shapeshifting
   570 | D:2      | Reached XP level 3. HP: 14/27 MP: 0/0
   570 | D:2      | Learned a level 1 spell: Apportation
   627 | D:2      | Found Nokeushro's Assorted Antiques.
   687 | D:2      | Bought a potion of lignification for 75 gold pieces
  1105 | D:2      | Reached XP level 4. HP: 27/33 MP: 0/0
  1540 | D:3      | Found a broken altar of Ashenzari.
  1646 | D:3      | Reached XP level 5. HP: 17/38 MP: 0/0
  1646 | D:3      | Learned a level 2 spell: Ensorcelled Hibernation
  2077 | D:3      | Reached skill level 4 in Shapeshifting
  2082 | D:3      | HP: 1/58 [scorpion zombie (3)]
  2084 | D:3      | Slain by an orc priest

Illustrated notes

Levels and vault maps discovered:
D:1:      dpeg_arrival_tiny_d, layout_rooms
D:2:      layout_loops_ring, serial_shops, nicolae_diamond_shop
D:3:      layout_rooms, nicolae_yredelemnul_corpse_copse,
          cheibrodos_ashenzari_chains

Skill      XL: |  1  2  3  4  5 |
---------------+----------------+-----
Shapeshifting  | 3 4 |  4.0
Fighting       | 2 |  2.5
Dodging        | |  2.1
Unarmed Combat | |  3.8

Action                     |  1- 3 |  4- 6 || total
---------------------------+-------+-------++-------
  Melee: Unarmed           |    99 |   104 ||   203
         Punch             |     1 |       ||     1
    Use: Scroll            |     3 |       ||     3
         Potion            |       |     1 ||     1
 Armour: Animal skin       |    11 |       ||    11
         Leather armour    |    41 |    50 ||    91
         Skin              |       |     5 ||     5
  Dodge: Dodged            |    69 |    75 ||   144
   Form: Flux              |       |     1 ||     1

Table legend: (Time is in decaauts)
 A = Elapsed time spent in this place.
 B = Non-inter-level travel time spent in this place.
 C = Inter-level travel time spent in this place.
 D = Time resting spent in this place.
 E = Time spent auto-exploring this place.
 F = Levels seen in this place.
 G = Mean time per level.
                   A        B        C        D        E       F      G
               +--------+--------+--------+--------+--------+-----+--------+
         Total |   2073 |   1972 |    101 |     40 |   1474 |   3 |  691.0 |
       Dungeon |   2073 |   1972 |    101 |     40 |   1474 |   3 |  691.0 |
               +--------+--------+--------+--------+--------+-----+--------+

Top non-repeatable levels by time:
     D:2: 906 daAuts
     D:3: 617 daAuts
     D:1: 550 daAuts
